 Dungeon Crawl Stone Soup version 0.17-a0-1804-gf6433eb (webtiles) character file.

149 luca467 the Insei (level 5, 36/42 HPs)
             Began as a Demonspawn Monk on Sept 11, 2015.
             Quit the game on level 3 of the Dungeon.
             The game lasted 00:10:39 (3302 turns).

luca467 the Insei (Demonspawn Monk)                 Turns: 3302, Time: 00:10:39

Health: 36/42      AC:  6    Str: 12    XL:     5   Next: 9%
Magic:  5/5        EV: 14    Int: 11    God:
Gold:   180        SH:  0    Dex: 15    Spells: 0 memorised, 4 levels left

rFire  . . .     SeeInvis .       - Unarmed
rCold  . . .     Clarity  .     a - +0 robe
rNeg   . . .     SustAt   .     (no shield)
rPois  .         Gourm    .     (no helmet)
rElec  .         Spirit   .     (no cloak)
rCorr  .         Warding  .     (no gloves)
rMut   .         Stasis   .     (no boots)
MR     .....                    (no amulet)
Stlth  ++........               (no ring)
                                (no ring)

@: not resistant to hostile enchantments, unstealthy
A: claws 2, rough black scales 1, demonic guardian 1
a: no special abilities


You were on level 3 of the Dungeon.
You were not hungry.

You visited 1 branch of the dungeon, and saw 3 of its levels.

You collected 180 gold pieces.

Inventory:

Armour
 a - a +0 robe (worn)
Jewellery
 f - a +2 ring of intelligence {unknown}
Scrolls
 c - 3 scrolls of remove curse {unknown}
 g - 2 scrolls of random uselessness {unknown}
 i - a scroll of enchant armour {unknown}
 k - 2 scrolls of identify {unknown}
 l - a scroll of fear {unknown}
 m - a scroll of amnesia {unknown}
 o - a scroll of fog {unknown}
 p - 2 scrolls of teleportation {unknown}
Potions
 e - a potion of beneficial mutation {unknown}
 h - a potion of curing {unknown}
 r - a potion of brilliance {unknown}
Comestibles
 b - a bread ration
 d - a fruit
 j - a beef jerky
 n - 2 meat rations


   Skills:
 + Level 3.9 Fighting
 + Level 3.6 Dodging
 - Level 1.7 Stealth
 * Level 4.7 Unarmed Combat


You had 4 spell levels left.
You didn't know any spells.

Dungeon Overview and Level Annotations

Branches:
Dungeon (3/15)

Altars:
The Shining One


Innate Abilities, Weirdness & Mutations

You have very sharp fingernails.
You are partially covered in rough black scales (AC +4, Dex -1).
A weak demonic guardian rushes to your aid.


Message History

The orc wizard hits you with a dagger.
The orc priest calls upon Beogh to heal the orc wizard.
The orc wizard is healed somewhat.
You claw the orc wizard!
You kill the orc wizard!
You have reached level 5!
Your demonic ancestry asserts itself...
Rough black scales grow over part of your body.
The orc priest hits your quasit with a hand axe!
Your quasit bites the orc priest.
Your quasit claws the orc priest.
Your quasit closely misses the orc priest. x2
Your quasit claws the orc priest.
Your quasit closely misses the orc priest.
The hobgoblin hits you but does no damage.
The orc closely misses you. The orc priest misses you.
The orc priest completely misses your quasit.
The orc priest barely misses your quasit.
Things that are here:
a dagger; a robe Are you sure you want to abandon this character and quit the game? (Confirm with "yes".)

............# #...######.#.#
.........#..# #...# #.#.#
........#_#.# #...# #.#.#
##...#...#..# #...# #.#.#
#...#......# #...######.#.#
#...######## #.!........#.#
##..........###....#######.#
......##.......55...# #.#
......# ......o@o..# ###
......# ......g.#...#
......# ......o.#...#
......# ........#....#
......# ........#..#.#
......# ........+....#
......# ........###..#
......# ........# ......#


You could see 2 orc priests, an orc, a hobgoblin and 2 friendly quasits.

Vanquished Creatures
  An orc wizard (D:3)
  Robin (D:3)
  4 adders (D:2)
  An ooze (D:2)
  3 giant geckos
  2 giant cockroaches (D:1)
  7 hobgoblins
  10 jackals
  A quokka (D:2)
  11 bats
  3 giant newts (D:2)
  11 goblins
  8 kobolds
  5 rats
68 creatures vanquished.

Vanquished Creatures (collateral kills)
  A goblin (D:3)
  2 hobgoblins (D:3)
3 creatures vanquished.

Grand Total: 71 creatures vanquished

Notes
Turn   | Place    | Note
--------------------------------------------------------------
     0 | D:1      | luca467 the Demonspawn Monk began the quest for the Orb.
     0 | D:1      | Reached XP level 1. HP: 18/18 MP: 1/1
   393 | D:1      | Gained mutation: You have sharp fingernails. [demonic ancestry]
   393 | D:1      | Reached XP level 2. HP: 13/24 MP: 2/2
   729 | D:1      | Reached skill level 4 in Unarmed Combat
  1454 | D:1      | Gained mutation: A weak demonic guardian rushes to your aid. [demonic ancestry]
  1454 | D:1      | Reached XP level 3. HP: 25/29 MP: 3/3
  2230 | D:2      | Gained mutation: You have very sharp fingernails. [demonic ancestry]
  2230 | D:2      | Reached XP level 4. HP: 25/35 MP: 4/4
  2827 | D:3      | Found a glowing golden altar of the Shining One.
  3007 | D:3      | Found a faded altar to an unknown god.
  3082 | D:3      | Noticed Robin
  3102 | D:3      | Killed Robin
  3300 | D:3      | Gained mutation: You are partially covered in rough black scales (AC +4, Dex -1). [demonic ancestry]
  3300 | D:3      | Reached XP level 5. HP: 36/42 MP: 5/5
  3302 | D:3      | Quit the game

Vault maps used:
D:1:      lemuel_arrival_behind_the_door_large, serial_curves, eino_curves_03,
          eino_curves_04
D:3:      ecumenical_altar_1, first_bread, grunt_ministairs_6,
          minmay_misc_feat_five, minmay_misc_feat_alley,
          nicolae_tso_carved_into_rock, uniq_robin

Action                   |  1- 3 |  4- 6 || total
-------------------------+-------+-------++-------
Melee: Unarmed           |   112 |    77 ||   189
 Stab: Sleeping          |     2 |     3 ||     5
       Distracted        |     1 |       ||     1
  Eat: Fruit             |     2 |       ||     2
       Chunk             |     2 |     4 ||     6
